 Dungeon Crawl Stone Soup version 0.29.1-15-g9cfb28693d (webtiles) character file.

Game seed: 319330400787892807

77 javelincjr the Magician (level 4, -5/30 HPs)
             Began as a Demonspawn Hedge Wizard on Mar 28, 2023.
             Slain by a gnoll bouda
             ... wielding a +0 whip
              (10 damage)
             ... on level 3 of the Dungeon.
             The game lasted 00:12:17 (3367 turns).

javelincjr the Magician (Demonspawn Hedge Wizard)   Turns: 3367, Time: 00:12:18

Health: -5/30      AC:  3    Str: 12    XL:     4   Next: 13%
Magic:  1/8        EV: 12    Int: 16    God:
Gold:   157        SH:  0    Dex: 12    Spells: 4/9 levels left

rFire   + . .      SeeInvis .   a - +0 dagger
rCold   x . .      Faith    .   (no shield)
rNeg    . . .      Spirit   .   b - +0 robe
rPois   .          Reflect  .   g - +0 helmet
rElec   .          Harm     .   (no cloak)
rCorr   .          Rampage  .   (no gloves)
Will    .....                   (no boots)
Stlth   ++........              (no amulet)
HPRegen 0.10/turn               r - ring of fire
MPRegen 0.22/turn               (no ring)

@: weakened
A: claws 1, magic regeneration
a: no special abilities


You were on level 3 of the Dungeon.
You visited 1 branch of the dungeon, and saw 4 of its levels.

You collected 185 gold pieces.
You spent 28 gold pieces at shops.

Inventory:

Hand Weapons
 a - a +0 dagger (weapon)
Armour
 b - a +0 robe (worn)
 c - a +0 hat
 g - a +0 helmet (worn)
Jewellery
 r - a ring of fire (left claw)
Scrolls
 e - 3 scrolls of identify
 i - 3 scrolls of teleportation {unknown}
 l - 2 scrolls of fear {unknown}
 p - a scroll of noise {unknown}
 s - a scroll of enchant armour {unknown}
 t - a scroll of fog {unknown}
 u - a scroll of silence {unknown}
 v - a scroll of enchant weapon {unknown}
Potions
 d - a potion of magic
 f - a potion of degeneration {unknown}
 h - 2 potions of flight {unknown}
 j - a potion of curing {unknown}
 k - a potion of brilliance {unknown}
 m - 2 potions of mutation {unknown}
 n - a potion of cancellation {unknown}
 o - 3 potions of haste {unknown}
 q - a potion of might {unknown}


   Skills:
 + Level 0.1 Fighting
 + Level 0.3 Armour
 + Level 2.3 Dodging
 - Level 2.2 Stealth
 * Level 3.3 Spellcasting
 + Level 1.7 Conjurations
 + Level 1.8 Summonings
 + Level 1.5 Translocations


You had 4 spell levels left.
You knew the following spells:

 Your Spells              Type           Power      Damage    Failure   Level
a - Magic Dart            Conj           32%        1d4       9%          1
b - Call Imp              Summ           8%         N/A       13%         2
c - Blink                 Tloc           14%        N/A       14%         2

Your spell library contained the following spells:

 Spells                   Type           Power      Damage    Failure   Level
 Slow                     Hex            8%         N/A       19%         1
 Conjure Flame            Conj/Fire      8%         6-21      36%         3
 Mephitic Cloud           Conj/Pois/Air  4%         N/A       41%         3
 Freezing Cloud           Conj/Ice/Air   2%         6-21      99%         5
 Simulacrum               Ice/Necr       1%         N/A       100%        6
 Polar Vortex             Ice            1%         N/A       100%        9


Dungeon Overview and Level Annotations

Branches:
Dungeon (4/15)
 Temple: D:4-7

Altars:
Cheibriados

Shops:
D:1 ?


Innate Abilities, Weirdness & Mutations

You have sharp fingernails.
You regenerate magic rapidly.


Message History

You hit the gnoll bouda.
The gnoll bouda is heavily wounded.
The gnoll bouda hits you with a +0 whip!
You hit the gnoll bouda but do no damage.
The gnoll bouda is heavily wounded.
The gnoll bouda hits you with a +0 whip!
You hit the gnoll bouda but do no damage.
Your claw misses the gnoll bouda.
The gnoll bouda is heavily wounded.
The gnoll bouda barely misses you.
Your magical contamination has completely faded away.
You hit the gnoll bouda but do no damage.
The gnoll bouda is heavily wounded.
The gnoll bouda hits you with a +0 whip.
* * * LOW HITPOINT WARNING * * *
Casting: Magic Dart (safe; 9% risk of failure)
Confirm with . or Enter, or press ? or * to list all spells.
A beastly little devil appears in a puff of frigid air.
The gnoll bouda closely misses you.
You barely miss the gnoll bouda.
The gnoll bouda is heavily wounded.
The gnoll bouda misses you.
You hit the gnoll bouda but do no damage.
The gnoll bouda is heavily wounded.
The gnoll bouda gazes fiercely through you!
You feel as though you will be weak longer.
The gnoll bouda hits you with a +0 whip.
* * * LOW HITPOINT WARNING * * *
Your white imp hits the gnoll bouda.
Your white imp freezes the gnoll bouda.
You hit the gnoll bouda but do no damage.
The gnoll bouda is almost dead.
The gnoll bouda gazes fiercely through you!
You feel as though you will be weak longer.
The gnoll bouda completely misses you.
Your white imp gestures at the gnoll bouda.
The puff of frost hits the gnoll bouda but does no damage.
You hit the gnoll bouda.
The gnoll bouda is almost dead.
The gnoll bouda hits you with a +0 whip!
You die...

#.#
#.#)(.........##.#
#.#
#.#.####...#..##.#
#.# #.#.#
#..........# #.#
#.#.###..###..####
#.# #........#
#..# # #.#
#....)##.###..####
#.#
#.................
#.#
#.g...###.##.#####
#.# #@5...##...#.#
#.# ###..........#
#.# ######...###
#.# #.>....# #.#
#.###.## #.# #.#
### #.# #.#
##.##### #.#
#......###.##


You could see a gnoll bouda (ally target) and a friendly white imp (summoned).

Vanquished Creatures
  A gnoll (D:3)
  An adder (D:2)
  A worm (D:2)
  5 ball pythons
  5 bats
  7 endoplasms
  5 goblins
  3 hobgoblins
  3 quokkas
  4 frilled lizards
  5 kobolds
  5 rats
45 creatures vanquished.

Vanquished Creatures (collateral kills)
  An adder (D:4)
1 creature vanquished.

Grand Total: 46 creatures vanquished

Notes
Turn   | Place    | Note
-------+----------+-------------------------------------------
     0 | D:1      | javelincjr the Demonspawn Hedge Wizard began the quest for
                  | the Orb.
     0 | D:1      | Reached XP level 1. HP: 13/13 MP: 4/4
    81 | D:1      | Reached skill level 1 in Translocations
   336 | D:1      | Found Wyppuwar's Magic Scroll Emporium.
   339 | D:1      | Bought a scroll of identify for 28 gold pieces
   440 | D:1      | Gained mutation: You regenerate magic rapidly. [demonic
                  | ancestry]
   440 | D:1      | Reached XP level 2. HP: 19/19 MP: 3/6
  1204 | D:2      | Found a faded altar of an unknown god.
  1244 | D:2      | Learned a level 2 spell: Call Imp
  1249 | D:2      | Learned a level 2 spell: Blink
  1283 | D:2      | Reached XP level 3. HP: 19/24 MP: 2/7
  1656 | D:2      | Found a snail-covered altar of Cheibriados.
  3219 | D:4      | Gained mutation: You have sharp fingernails. [demonic
                  | ancestry]
  3219 | D:4      | Reached XP level 4. HP: 30/30 MP: 4/8
  3367 | D:3      | Slain by a gnoll bouda

Illustrated notes

Levels and vault maps discovered:
D:1:      amcnicky_arrival_flooded_fountain, layout_basic, serial_forest,
          infiniplex_forest_diagonal, infiniplex_forest_lined_3,
          infiniplex_forest_end_3, infiniplex_forest_end_1,
          infiniplex_forest_side_room, infiniplex_forest_straight_4,
          infiniplex_forest_end_2, infiniplex_forest_straight_4, serial_shops,
          nicolae_shop_behind_doors
D:2:      layout_loops_ring, basic_altar, basic_ecumenical_altar
D:3:      minmay_angry_zag, layout_loops_ring, grunt_decor_arrowhead
D:4:      layout_basic, mainiacjoe_overflow_six_doors_small, minivault_27,
          minmay_bent

Skill      XL: |  1  2 |
---------------+-------+-----
Translocations | 1 |  1.5
Dodging        | 2 |  2.3
Stealth        | 2 |  2.2
Fighting       | |  0.1
Armour         | |  0.3
Spellcasting   | |  3.3
Conjurations   | |  1.7
Summonings     | |  1.8

Action                   |  1- 3 |  4- 6 || total
-------------------------+-------+-------++-------
Melee: Dagger            |   135 |     8 ||   143
       Punch             |     1 |       ||     1
 Cast: Magic Dart        |   115 |    13 ||   128
       Call Imp          |     3 |     6 ||     9
       Blink             |     1 |       ||     1
Armor: Robe              |     4 |       ||     4
Dodge: Dodged            |    20 |     7 ||    27
